 Dungeon Crawl Stone Soup version 0.32-a0-7-ge934b4519a (webtiles) character file.

Game seed: 127292423984004993

566 Laraso the Slasher (level 7, 53/57 HPs)
             Began as a Pale Draconian Monk on Jan 13, 2024.
             Was a Believer of Dithmenos.
             Quit the game on level 4 of the Dungeon.
             The game lasted 00:03:42 (3300 turns).

Laraso the Slasher (Pale Draconian Monk)            Turns: 3300, Time: 00:03:42

Health: 53/57      AC:  6    Str: 14    XL:     7   Next: 10%
Magic:  7/7        EV: 12    Int: 10    God:    Dithmenos [**....]
Gold:   205        SH:  0    Dex: 15    Spells: 6/6 levels left

rFire   . . .        a - +0 falchion
rCold   . . .        (no shield)
rNeg    . . .        (body armour unavailable)
rPois   .            (helmet restricted)
rElec   .            (no cloak)
rCorr   .            (no gloves)
SInv    .            (no boots)
Will    .....        (no amulet)
Stlth   ++           (no ring)
HPRegen 0.29/turn    (no ring)
MPRegen 0.10/turn

%: no passive effects
@: wreathed by umbra
A: breathe steam, AC +6, unfitting armour, cold-blooded, steam resistance
a: Breathe Steam, Renounce Religion, Shadow Step


You were on level 4 of the Dungeon.
You worshipped Dithmenos.
Dithmenos was pleased with you.
You visited 2 branches of the dungeon, and saw 5 of its levels.

You collected 205 gold pieces.

Inventory:

Hand Weapons
 a - a +0 falchion (weapon)
Missiles
 h - 3 javelins (quivered)
 n - 2 silver javelins
Wands
 c - a wand of flame (17)
Scrolls
 b - a scroll of torment {unknown}
 d - a scroll of poison {unknown}
 f - a scroll of fog
 g - a scroll of fear
 i - 3 scrolls of identify
 k - 2 scrolls of immolation {unknown}
 m - a scroll of acquirement {unknown}
 r - a scroll of silence {unknown}
Potions
 e - 2 potions of heal wounds {unknown}
 j - 4 potions of degeneration {unknown}
 l - a potion of curing
 o - a potion of enlightenment {unknown}
 p - 2 potions of cancellation {unknown}
 q - a potion of brilliance


   Skills:
 - Level 3.2 Fighting
 * Level 7.4 Long Blades
 - Level 3.0 Throwing
 - Level 2.6 Dodging


You had 6 spell levels left.
You didn't know any spells.
Your spell library was empty.

Dungeon Overview and Level Annotations

Branches:
Dungeon (4/15)             Temple (1/1) D:4

Altars:
Ashenzari
Cheibriados
Dithmenos
Elyvilon
Gozag
Hepliaklqana
Kikubaaqudgha
Okawaru
Qazlal
Ru
Sif Muna
Trog
Uskayaw
Vehumet
Wu Jian
Yredelemnul
The Shining One


Innate Abilities, Weirdness & Mutations

You can breathe blasts of scalding, opaque steam.
Your pale cyan-grey scales are hard. (AC +6)
You cannot fit into any form of body armour.
You are cold-blooded and may be slowed by cold attacks.
You are immune to the effects of steam.


Message History

The black bear claws you but does no damage. x2
You hit the black bear.
The black bear is lightly wounded.
The black bear bites you but does no damage.
The black bear barely misses you. The black bear closely misses you.
You slash the black bear!
The black bear is moderately wounded.
The black bear bites you but does no damage.
The black bear completely misses you. The black bear claws you.
You hit the black bear.
You tail-slap the black bear, but do no damage.
The black bear is moderately wounded.
The black bear bites you but does no damage.
The black bear closely misses you. The black bear claws you.
You hit the black bear.
The black bear is heavily wounded.
The black bear bites you but does no damage.
The black bear barely misses you. The black bear claws you.
You hit the black bear.
The black bear is heavily wounded.
The black bear bites you.
The black bear claws you but does no damage. x2
You slash the black bear!
The black bear is almost dead.
You barely miss the black bear. You tail-slap the black bear.
You kill the black bear!
Dithmenos accepts your kill.
Training target 3.0 for Throwing reached!
Your Throwing skill increases to level 3!
You need to enable at least one skill for training.
You have reached level 7!
Your scales start taking on a pale cyan-grey colour.
You learn Fire Magic quicker.
You learn Air Magic quicker.
You learn Evocations quicker.
You can breathe blasts of scalding, opaque steam.
You are now immune to the effects of steam.
Are you sure you want to abandon this character and quit the game? (Confirm with "yes".)
Okay, then.
Unknown command.
Are you sure you want to abandon this character and quit the game? (Confirm with "yes".)

##...## #.. ##+## ##.
#.# #. #.# #. ##.## ##
##...####
#.......#####
#.#########...........
#....@.........#.#####
############.##.##
#.#### #.# #.# #.#
######### #.# ##
#.....<.# #.# #.
#.#####.#### #.# #.


There were no monsters in sight!

Vanquished Creatures
  Sigmund (D:3)
  A black bear (D:4)
  A howler monkey (D:4)
  An orc priest (D:4)
  2 hounds (D:4)
  An orc wizard (D:3)
  3 gnolls (D:3)
  7 adders
  3 ribbon worms
  3 orcs
  6 ball pythons
  6 bats
  10 endoplasms
  A giant cockroach (D:1)
  6 goblins
  11 hobgoblins
  2 jackals (D:1)
  5 kobolds
  A quokka (D:1)
  4 frilled lizards
  3 rats (D:1)
78 creatures vanquished.

Notes
Turn   | Place    | Note
-------+----------+-------------------------------------------
     0 | D:1      | Laraso the Draconian Monk began the quest for the Orb.
     0 | D:1      | Reached XP level 1. HP: 19/19 MP: 1/1
   219 | D:1      | Reached XP level 2. HP: 26/26 MP: 2/2
   375 | D:1      | Reached skill level 4 in Long Blades
   632 | D:2      | Reached XP level 3. HP: 24/31 MP: 3/3
   695 | D:2      | Identified the +1 ring mail of Ebrudicw {rN+++ Str-4 Dex-3
                  | SInv}
   872 | D:2      | Found a glowing golden altar of the Shining One.
  1326 | D:2      | Reached XP level 4. HP: 36/38 MP: 4/4
  1490 | D:3      | Reached skill level 5 in Long Blades
  1500 | D:3      | Noticed Sigmund
  1516 | D:3      | Killed Sigmund
  1517 | D:3      | Reached skill level 6 in Long Blades
  1517 | D:3      | Reached XP level 5. HP: 21/45 MP: 5/5
  1860 | D:4      | Reached XP level 6. HP: 39/51 MP: 6/6
  1921 | D:3      | Reached skill level 7 in Long Blades
  2316 | D:3      | Found an opulent altar of Gozag.
  2414 | D:4      | Reached skill level 1 in Throwing
  2422 | D:4      | Found a staircase to the Ecumenical Temple.
  2586 | Temple   | Entered the Ecumenical Temple
  2600 | Temple   | Became a worshipper of Dithmenos the Shadowed
  2600 | Temple   | Reached * piety under Dithmenos
  2600 | Temple   | Reached ** piety under Dithmenos
  2957 | D:4      | Found a bloodstained altar of Trog.
  3300 | D:4      | Your scales start taking on a pale cyan-grey colour.
  3300 | D:4      | Reached XP level 7. HP: 53/57 MP: 7/7
  3300 | D:4      | Gained mutation: You are immune to the effects of steam.
                  | [Pale Draconian growth]
  3300 | D:4      | Quit the game

Illustrated notes

Levels and vault maps discovered:
D:1:      saegor_arrival_simple_c, layout_rooms, kennysheep_doodads
D:2:      layout_basic, basic_altar, hex_tiny
D:3:      layout_rooms, lemuel_round_altar, uniq_sigmund
D:4:      layout_loops_corners, general_overflow_altar,
          minmay_temple_entry_statues, minmay_close_crescents
Temple:   compressed_dpeg_circular_temple

Skill      XL: |  1  2  3  4  5  6 |
---------------+-------------------+-----
Long Blades    | 4 6 7 |  7.4
Throwing       | 3 |  3.0
Fighting       | |  3.2
Dodging        | |  2.6

Action                     |  1- 3 |  4- 6 |  7- 9 || total
---------------------------+-------+-------+-------++-------
  Melee: Falchion          |   109 |   151 |       ||   260
         Tailslap          |    18 |    16 |       ||    34
    Use: Scroll            |     3 |     1 |       ||     4
         Potion            |       |     3 |       ||     3
   Stab: Sleeping          |       |     1 |       ||     1
 Armour: Skin              |    50 |    95 |       ||   145
  Dodge: Dodged            |    82 |   101 |       ||   183

Table legend: (Time is in decaauts)
 A = Elapsed time spent in this place.
 B = Non-inter-level travel time spent in this place.
 C = Inter-level travel time spent in this place.
 D = Time resting spent in this place.
 E = Time spent auto-exploring this place.
 F = Levels seen in this place.
 G = Mean time per level.
                   A        B        C        D        E       F      G
               +--------+--------+--------+--------+--------+-----+--------+
         Total |   3319 |   3200 |    119 |    135 |   2432 |   5 |  663.8 |
       Dungeon |   3289 |   3196 |     93 |    135 |   2432 |   4 |  822.2 |
        Temple |     29 |      3 |     26 |      0 |      0 |   1 |   29.0 |
               +--------+--------+--------+--------+--------+-----+--------+

Top non-repeatable levels by time:
     D:4: 1101 daAuts
     D:2: 847 daAuts
     D:3: 704 daAuts
     D:1: 636 daAuts
  Temple: 29 daAuts
